Inferno vs Little Stars
Created - 30 décembre 2015 at 19:29
Goals
|
| Inferno |
0 |
3 |
1 |
4 |
| Little Stars |
1 |
1 |
0 |
2 |
|
Shots
|
| Inferno |
7 |
10 |
13 |
30 |
| Little Stars |
5 |
12 |
15 |
32 |
|
1st period
1. Little Stars , Marcus Johansson 8 (Hugh Jessiman, Jared Spurgeon) at 16:55
Penalties :
Petter Granberg (Tex) for Hooking (Minor) at 0:22, David Ullstrom (Anc) for Holding Stick (Minor) at 17:10
2nd period
2. Inferno , Christian Folin 2 (Beau Bennett, Anders Lee) at 3:32
3. Little Stars , Sean Avery 27 (Ryan Vesce, Marcus Kruger) at 4:34 (PP)
4. Inferno , Stephane Veilleux 19 (David Savard, Mikhail Grabovski) at 5:16
5. Inferno , Colby Robak 3 (Sami Vatanen, Beau Bennett) at 13:25
Penalties :
Vladimir Zharkov (Anc) for Elbowing (Minor) at 3:59, David Ullstrom (Anc) for Boarding (Minor) at 8:12, Cal O'Reilly (Anc) for High sticking (Minor) at 14:13, Colby Robak (Anc) for Tripping (Minor) at 16:49
3rd period
6. Inferno , Cal O'Reilly 9 (Matt Kassian) at 14:19
Penalties :
Ryan Vesce (Tex) for Interference (Minor) at 2:48, Dennis Everberg (Tex) for Holding (Minor) at 16:00
Goalie Stats
Josh Harding (Anc), 30 saves from 32 shots - (0,938), W, 15-6-2, 60:00 minutes
Ben Scrivens (Tex), 26 saves from 30 shots - (0,867), L, 3-7-1, 60:00 minutes
Players Stats for Inferno
Player Name G A P +/- PIM S H SB GA TA FO MP PP MP PK MP
------------------------------------------------------------------------------------
Anders Lee 0 1 1 2 0 0 0 1 0 0 1/1 10:50 0:00 1:07
Beau Bennett 0 2 2 2 0 1 0 0 0 0 0/0 8:33 0:08 0:00
Brendan Mikkelson 0 0 0 -1 0 2 1 3 0 1 0/0 28:25 3:21 5:37
Cal O'Reilly 1 0 1 1 2 3 0 0 1 0 0/4 8:53 0:00 0:00
Christian Folin 1 0 1 2 0 1 0 0 0 0 0/0 8:24 0:00 0:00
Colby Robak 1 0 1 2 2 1 1 2 0 1 0/0 18:27 0:00 2:08
David Savard 0 1 1 2 0 1 1 1 0 0 0/0 14:33 2:36 0:46
David Ullstrom 0 0 0 0 4 0 0 0 0 0 0/1 16:20 2:41 0:06
Jonathan Ferland 0 0 0 0 0 6 1 1 0 1 1/3 23:00 3:08 5:06
Matt Kassian 0 1 1 1 0 0 1 0 0 0 0/0 10:33 0:08 0:16
Mikhail Grabovski 0 1 1 0 0 0 3 1 1 0 12/25 19:45 3:08 2:04
Pavel Vorobiev 0 0 0 1 0 2 1 0 0 0 0/0 8:55 0:08 0:00
Sami Vatanen 0 1 1 2 0 1 1 2 0 0 0/0 20:40 2:36 2:54
Stephane Veilleux 1 0 1 0 0 4 4 0 2 0 0/1 20:47 3:08 3:09
Vladimir Sobotka 0 0 0 0 0 3 2 1 0 0 7/19 20:24 2:41 5:14
Vladimir Zharkov 0 0 0 0 2 1 1 0 0 1 0/0 14:53 2:41 0:00
Yannick Weber 0 0 0 -1 0 3 0 0 0 1 0/0 27:07 3:21 5:37
Zach Redmond 0 0 0 2 0 1 0 2 0 0 0/0 10:55 0:00 0:00
Players Stats for Little Stars
Player Name G A P +/- PIM S H SB GA TA FO MP PP MP PK MP
------------------------------------------------------------------------------------
Alexander Vasyunov 0 0 0 -1 0 2 1 1 0 0 0/1 8:21 0:19 0:25
Andrej Nestrasil 0 0 0 0 0 0 4 0 0 0 4/5 16:20 3:15 1:18
Conor Allen 0 0 0 -2 0 1 1 0 0 0 0/0 11:01 0:00 0:43
Dana Tyrell 0 0 0 -1 0 2 2 0 0 0 3/4 11:15 0:00 0:00
Danny DeKeiser 0 0 0 -1 0 0 1 4 0 0 0/0 13:12 0:00 0:17
Dennis Everberg 0 0 0 -1 2 1 1 0 0 1 0/0 7:18 0:00 0:00
Erik Haula 0 0 0 -1 0 1 0 0 0 0 1/1 8:06 0:00 0:24
Hugh Jessiman 0 1 1 0 0 2 3 0 1 1 2/2 17:35 3:15 1:31
Jamie McGinn 0 0 0 -1 0 1 2 0 0 0 0/0 12:12 0:19 0:00
Jared Spurgeon 0 1 1 0 0 0 1 2 0 2 0/0 18:57 3:01 2:49
Justin Faulk 0 0 0 -1 0 2 1 1 0 0 0/0 26:01 3:01 3:03
Marcus Johansson 1 0 1 0 0 2 0 2 0 0 0/0 16:45 3:15 1:23
Marcus Kruger 0 1 1 -1 0 4 2 1 0 0 18/34 21:00 4:57 1:31
Mathieu Roy 0 0 0 0 0 0 2 2 1 0 0/0 25:22 5:30 3:08
Petter Granberg 0 0 0 -2 2 1 2 1 1 0 0/0 26:05 5:30 1:54
Ryan Vesce 0 1 1 -1 2 3 3 0 0 0 1/2 20:45 4:57 2:06
Sean Avery 1 0 1 -1 0 8 4 0 2 0 3/4 21:52 4:57 3:16
Zack Kassian 0 0 0 -1 0 2 2 0 0 0 1/1 11:53 0:19 0:00
3 Stars
1 - Stephane Veilleux (Anc)
2 - Beau Bennett (Anc)
3 - Christian Folin (Anc)
Power Play
Inferno - 0 on 3 Attempt(s) - 0,00%
Little Stars - 1 on 5 Attempt(s) - 20,00%
Penalty Kill
Inferno - 4 on 5 Attempt(s) - 80,00%
- Score 0 goal in Penalty Kill
Little Stars - 3 on 3 Attempt(s) - 100,00%
- Score 0 goal in Penalty Kill
Team Stat
Inferno - Hits : 17 - Faceoff Wins : 21 - Blocked Shots : 14 - Penalty Minutes : 10
Little Stars - Hits : 32 - Faceoff Wins : 33 - Blocked Shots : 14 - Penalty Minutes : 6
Official
Referees : StLaurent Francois and Rehman Kyle
Linesman : Tim Nowak and Pierre Champoux
Game Notes
4:03 of 2nd period - Little Stars goal is going for a video replay. After video review, No Goal. The referee deems the play has been stopped, even if he had not physically had the opportunity to stop play by blowing his whistle.
Finance
Level 1 -- Attendance: 1331 (66,55%) -- Ticket Income 46 585 $
Level 2 -- Attendance: 746 (74,60%) -- Ticket Income 11 190 $
Total Attendance: 2077 (69,23%)
Total Ticket Income: 57 775 $
Other Income: 2 889 $
Total Income: 60 664 $
Inferno
5 vs 5 Forward
Center Left Wing Right Wing Time % Phy DF OF
1 Mikhail Grabovski Stephane Veilleux Jonathan Ferland 40 1 2 2
2 Vladimir Sobotka David Ullstrom Vladimir Zharkov 30 1 2 2
3 Cal O'Reilly Matt Kassian Pavel Vorobiev 20 1 2 2
4 Anders Lee Christian Folin Beau Bennett 10 1 2 2
5 vs 5 Defense
Defense Defense Time % Phy DF OF
1 Brendan Mikkelson Yannick Weber 40 1 2 2
2 Sami Vatanen Colby Robak 30 1 2 2
3 David Savard Zach Redmond 20 1 2 2
4 Brendan Mikkelson Colby Robak 10 1 2 2
PowerPlay Forward
Center Left Wing Right Wing Time % Phy DF OF
1 Mikhail Grabovski Stephane Veilleux Jonathan Ferland 60 1 2 2
2 Vladimir Sobotka David Ullstrom Vladimir Zharkov 40 1 2 2
PowerPlay Defense
Defense Defense Time % Phy DF OF
1 Brendan Mikkelson Yannick Weber 60 1 2 2
2 Sami Vatanen David Savard 40 1 2 2
Penalty Kill 4 Players Forward
Center Wing Time % Phy DF OF
1 Vladimir Sobotka Jonathan Ferland 60 1 2 2
2 Mikhail Grabovski Stephane Veilleux 40 1 2 2
Penalty Kill 4 Players Defense
Defense Defense Time % Phy DF OF
1 Brendan Mikkelson Yannick Weber 60 1 2 2
2 Sami Vatanen Colby Robak 40 1 2 2
Penalty Kill - 3 Players Forward
Forward Time % Phy DF OF
1 Jonathan Ferland 60 1 2 2
2 Vladimir Sobotka 40 1 2 2
Penalty Kill - 3 Players Defense
Defense Defense Time % Phy DF OF
1 Brendan Mikkelson Yannick Weber 60 1 2 2
2 Sami Vatanen Colby Robak 40 1 2 2
4 vs 4 Forward
Center Wing Time % Phy DF OF
1 Mikhail Grabovski Jonathan Ferland 60 1 2 2
2 Vladimir Sobotka Stephane Veilleux 40 1 2 2
4 vs 4 Defense
Defense Defense Time % Phy DF OF
1 Brendan Mikkelson Yannick Weber 60 1 2 2
2 Sami Vatanen Colby Robak 40 1 2 2
Last Minutes Offensive
Center Left Wing Right Wing Defense Defense
Mikhail Grabovski Stephane Veilleux Jonathan Ferland Brendan Mikkelson Yannick Weber
Last Minutes Defensive
Center Left Wing Right Wing Defense Defense
Mikhail Grabovski Stephane Veilleux Jonathan Ferland Brendan Mikkelson Yannick Weber
Goaltenders
Starting : Josh Harding
Backup : Michael Hutchinson
Extra Forwards
Normal : Vladimir Sobotka, Vladimir Zharkov, Anders Lee - PP : Pavel Vorobiev, Matt Kassian - PK : David Ullstrom
Extra Defensemen
Normal : Colby Robak, David Savard, Zach Redmond - PP : Sami Vatanen - PK : David Savard, Zach Redmond
Penalty Shots
Mikhail Grabovski, Vladimir Zharkov, Jonathan Ferland, Anders Lee, Pavel Vorobiev
Little Stars
5 vs 5 Forward
Center Left Wing Right Wing Time % Phy DF OF
1 Marcus Kruger Sean Avery Ryan Vesce 40 1 2 2
2 Andrej Nestrasil Marcus Johansson Hugh Jessiman 30 1 2 2
3 Dana Tyrell Jamie McGinn Zack Kassian 20 1 2 2
4 Erik Haula Alexander Vasyunov Dennis Everberg 10 1 2 2
5 vs 5 Defense
Defense Defense Time % Phy DF OF
1 Mathieu Roy Justin Faulk 40 1 2 2
2 Petter Granberg Jared Spurgeon 30 1 2 2
3 Danny DeKeiser Justin Faulk 20 1 2 2
4 Petter Granberg Conor Allen 10 1 2 2
PowerPlay Forward
Center Left Wing Right Wing Time % Phy DF OF
1 Marcus Kruger Sean Avery Ryan Vesce 60 1 2 2
2 Andrej Nestrasil Marcus Johansson Hugh Jessiman 40 1 2 2
PowerPlay Defense
Defense Defense Time % Phy DF OF
1 Mathieu Roy Petter Granberg 60 1 2 2
2 Justin Faulk Jared Spurgeon 40 1 2 2
Penalty Kill 4 Players Forward
Center Wing Time % Phy DF OF
1 Sean Avery Ryan Vesce 60 1 2 2
2 Marcus Kruger Hugh Jessiman 40 1 2 2
Penalty Kill 4 Players Defense
Defense Defense Time % Phy DF OF
1 Mathieu Roy Justin Faulk 60 1 2 2
2 Petter Granberg Jared Spurgeon 40 1 2 2
Penalty Kill - 3 Players Forward
Forward Time % Phy DF OF
1 Sean Avery 60 1 2 2
2 Ryan Vesce 40 1 2 2
Penalty Kill - 3 Players Defense
Defense Defense Time % Phy DF OF
1 Mathieu Roy Justin Faulk 60 1 2 2
2 Danny DeKeiser Jared Spurgeon 40 1 2 2
4 vs 4 Forward
Center Wing Time % Phy DF OF
1 Sean Avery Ryan Vesce 60 1 2 2
2 Marcus Kruger Hugh Jessiman 40 1 2 2
4 vs 4 Defense
Defense Defense Time % Phy DF OF
1 Mathieu Roy Justin Faulk 60 1 2 2
2 Petter Granberg Jared Spurgeon 40 1 2 2
Last Minutes Offensive
Center Left Wing Right Wing Defense Defense
Marcus Kruger Sean Avery Ryan Vesce Mathieu Roy Jared Spurgeon
Last Minutes Defensive
Center Left Wing Right Wing Defense Defense
Marcus Kruger Sean Avery Ryan Vesce Mathieu Roy Jared Spurgeon
Goaltenders
Starting : Ben Scrivens
Backup : Peter Budaj
Extra Forwards
Normal : Marcus Kruger, Jamie McGinn, Andrej Nestrasil - PP : Marcus Johansson, Jamie McGinn - PK : Andrej Nestrasil
Extra Defensemen
Normal : Danny DeKeiser, Justin Faulk, Conor Allen - PP : Danny DeKeiser - PK : Justin Faulk, Conor Allen
Penalty Shots
Sean Avery, Ryan Vesce, Marcus Kruger, Hugh Jessiman, Marcus Johansson
% Time on Ice - Inferno
Lines # - Real PCT - Wanted PCT - Time Play
Normal Forward
1 - 33% - 40% - 15:08
2 - 29% - 30% - 13:14
3 - 19% - 20% - 8:46
4 - 18% - 10% - 8:24
Normal Defense
1 - 40% - 40% - 18:09
2 - 33% - 30% - 15:10
3 - 24% - 20% - 10:55
4 - 3% - 10% - 1:18
PP Forward
1 - 55% - 60% - 3:16
2 - 45% - 40% - 2:41
PP Defense
1 - 56% - 60% - 3:21
2 - 44% - 40% - 2:36
PK Forward
1 - 76% - 60% - 6:27
2 - 24% - 40% - 2:04
PK Defense
1 - 66% - 60% - 5:37
2 - 34% - 40% - 2:54
PK3 Forward
1 - 0% - 60%
2 - 0% - 40%
PK3 Defense
1 - 0% - 60%
2 - 0% - 40%
44 Forward
1 - 0% - 60%
2 - 0% - 40%
44 Defense
1 - 0% - 60%
2 - 0% - 40%
Last Minute Offensive - 0:00
Last Minute Defensive - 0:00
Total
Forward - 60:00
Defense - 60:00
|
% Time on Ice - Little Stars
Lines # - Real PCT - Wanted PCT - Time Play
Normal Forward
1 - 32% - 40% - 14:37
2 - 27% - 30% - 12:22
3 - 25% - 20% - 11:15
4 - 16% - 10% - 7:18
Normal Defense
1 - 32% - 40% - 14:36
2 - 31% - 30% - 14:06
3 - 22% - 20% - 9:59
4 - 15% - 10% - 6:51
PP Forward
1 - 62% - 60% - 5:16
2 - 38% - 40% - 3:15
PP Defense
1 - 65% - 60% - 5:30
2 - 35% - 40% - 3:01
PK Forward
1 - 75% - 60% - 4:26
2 - 25% - 40% - 1:31
PK Defense
1 - 51% - 60% - 3:03
2 - 49% - 40% - 2:54
PK3 Forward
1 - 0% - 60%
2 - 0% - 40%
PK3 Defense
1 - 0% - 60%
2 - 0% - 40%
44 Forward
1 - 0% - 60%
2 - 0% - 40%
44 Defense
1 - 0% - 60%
2 - 0% - 40%
Last Minute Offensive - 0:00
Last Minute Defensive - 0:00
Total
Forward - 60:00
Defense - 60:00
|
Play by Play
1st period
0:01 of 1st period - Mikhail Grabovski wins face-off versus Marcus Kruger in neutral zone.
0:08 of 1st period - Snap shot by Mikhail Grabovski.
0:08 of 1st period - Shot Misses the Net.
0:10 of 1st period - Slapshot by Brendan Mikkelson.
0:10 of 1st period - Stopped by Ben Scrivens without a rebound.
0:11 of 1st period - Andrej Nestrasil wins face-off versus Vladimir Sobotka in Little Stars zone.
0:19 of 1st period - Snap shot by Vladimir Sobotka.
0:19 of 1st period - Deflect By Vladimir Zharkov.
0:19 of 1st period - Shot Blocked by Marcus Johansson.
0:19 of 1st period - Puck is out of play.
0:20 of 1st period - Hugh Jessiman wins face-off versus David Ullstrom in Little Stars zone.
0:22 of 1st period - Minor Penalty to Petter Granberg for Hooking.
0:23 of 1st period - Sean Avery wins face-off versus Mikhail Grabovski in Little Stars zone.
0:35 of 1st period - Slapshot by Jonathan Ferland.
0:35 of 1st period - Stopped by Ben Scrivens with a rebound.
0:37 of 1st period - Wrist shot by Stephane Veilleux.
0:37 of 1st period - Stopped by Ben Scrivens with a rebound.
0:39 of 1st period - Snap shot by Yannick Weber.
0:39 of 1st period - Stopped by Ben Scrivens with a rebound.
1:55 of 1st period - Brendan Mikkelson is hit by Andrej Nestrasil and loses puck.
2:22 of 1st period - Penalty to Petter Granberg is over, Petter Granberg is back on ice.
2:50 of 1st period - Wrist shot by Cal O'Reilly.
2:50 of 1st period - Shot Misses the Net.
2:52 of 1st period - Snap shot by Matt Kassian.
2:52 of 1st period - Shot Blocked by Danny DeKeiser.
3:04 of 1st period - Yannick Weber is hit by Zack Kassian and loses puck.
4:10 of 1st period - Wrist shot by Erik Haula.
4:10 of 1st period - Shot Misses the Net.
4:12 of 1st period - Wrist shot by Erik Haula.
4:12 of 1st period - Stopped by Josh Harding without a rebound.
4:13 of 1st period - Mikhail Grabovski wins face-off versus Dana Tyrell in Inferno zone.
4:22 of 1st period - Snap shot by Jonathan Ferland.
4:22 of 1st period - Shot Blocked by Danny DeKeiser.
4:43 of 1st period - Sean Avery is hit by Vladimir Sobotka and loses puck.
4:48 of 1st period - Snap shot by Vladimir Sobotka.
4:48 of 1st period - Stopped by Ben Scrivens with a rebound.
4:50 of 1st period - Slapshot by Zach Redmond.
4:50 of 1st period - Stopped by Ben Scrivens without a rebound.
4:51 of 1st period - Andrej Nestrasil wins face-off versus Mikhail Grabovski in Little Stars zone.
4:51 of 1st period - Andrej Nestrasil is hit by Mikhail Grabovski.
5:04 of 1st period - Justin Faulk is hit by Mikhail Grabovski.
5:45 of 1st period - Backhand shot by Sami Vatanen.
5:45 of 1st period - Shot Misses the Net.
6:07 of 1st period - Stephane Veilleux is hit by Petter Granberg and loses puck.
6:22 of 1st period - Backhand shot by Vladimir Zharkov.
6:22 of 1st period - Stopped by Ben Scrivens with a rebound.
6:36 of 1st period - Brendan Mikkelson is hit by Sean Avery and loses puck.
6:49 of 1st period - Mikhail Grabovski is hit by Jamie McGinn and loses puck.
7:12 of 1st period - Slapshot by Beau Bennett.
7:12 of 1st period - Shot Misses the Net.
7:18 of 1st period - Beau Bennett is hit by Hugh Jessiman and loses puck.
7:31 of 1st period - Vladimir Zharkov is hit by Alexander Vasyunov and loses puck.
7:54 of 1st period - Snap shot by Ryan Vesce.
7:54 of 1st period - Shot Misses the Net.
8:22 of 1st period - Snap shot by Marcus Johansson.
8:22 of 1st period - Shot Misses the Net.
8:58 of 1st period - Vladimir Sobotka is hit by Dennis Everberg and loses puck.
9:05 of 1st period - Snap shot by Alexander Vasyunov.
9:05 of 1st period - Stopped by Josh Harding with a rebound.
9:07 of 1st period - Slapshot by Dennis Everberg.
9:07 of 1st period - Shot Blocked by Zach Redmond.
9:09 of 1st period - Slapshot by Justin Faulk.
9:09 of 1st period - Shot Misses the Net.
9:23 of 1st period - Snap shot by Marcus Johansson.
9:23 of 1st period - Shot Misses the Net.
9:37 of 1st period - Beau Bennett is hit by Zack Kassian and loses puck.
10:30 of 1st period - Erik Haula is hit by Stephane Veilleux and loses puck.
10:53 of 1st period - Vladimir Sobotka is hit by Hugh Jessiman.
11:05 of 1st period - David Savard is hit by Ryan Vesce and loses puck.
11:14 of 1st period - Slapshot by Marcus Kruger.
11:14 of 1st period - Shot Blocked by Zach Redmond.
11:28 of 1st period - Pavel Vorobiev is hit by Dana Tyrell and loses puck.
12:09 of 1st period - David Ullstrom is hit by Ryan Vesce and loses puck.
13:21 of 1st period - Conor Allen is hit by Sami Vatanen and loses puck.
13:41 of 1st period - Sami Vatanen is hit by Mathieu Roy and loses puck.
13:56 of 1st period - Jonathan Ferland is hit by Sean Avery and loses puck.
14:20 of 1st period - Jared Spurgeon is hit by Matt Kassian and loses puck.
14:55 of 1st period - Slapshot by Justin Faulk.
14:55 of 1st period - Shot Misses the Net.
14:57 of 1st period - Slapshot by Alexander Vasyunov.
14:57 of 1st period - Stopped by Josh Harding with a rebound.
14:59 of 1st period - Slapshot by Justin Faulk.
14:59 of 1st period - Shot Hit the Post.
15:01 of 1st period - Wrist shot by Erik Haula.
15:01 of 1st period - Shot Misses the Net.
15:21 of 1st period - Christian Folin is hit by Ryan Vesce and loses puck.
15:41 of 1st period - Brendan Mikkelson is hit by Conor Allen.
15:52 of 1st period - Icing by Stephane Veilleux.
15:53 of 1st period - Mikhail Grabovski wins face-off versus Andrej Nestrasil in Inferno zone.
16:32 of 1st period - Snap shot by Jonathan Ferland.
16:32 of 1st period - Shot Misses the Net.
16:55 of 1st period - Snap shot by Marcus Johansson.
16:55 of 1st period - Goal by Marcus Johansson - Inferno : 0 - Little Stars : 1.
16:56 of 1st period - Marcus Kruger wins face-off versus Vladimir Sobotka in neutral zone.
17:10 of 1st period - Minor Penalty to David Ullstrom for Holding Stick.
17:11 of 1st period - Marcus Kruger wins face-off versus Vladimir Sobotka in Inferno zone.
17:45 of 1st period - Snap shot by Marcus Johansson.
17:45 of 1st period - Shot Misses the Net.
17:47 of 1st period - Snap shot by Hugh Jessiman.
17:47 of 1st period - Stopped by Josh Harding with a rebound.
18:39 of 1st period - Ryan Vesce is hit by Stephane Veilleux and loses puck.
19:10 of 1st period - Penalty to David Ullstrom is over, David Ullstrom is back on ice.
19:47 of 1st period - Dana Tyrell is hit by David Savard.
19:58 of 1st period - Colby Robak is hit by Petter Granberg and loses puck.
Goals for this period are 0 for Inferno vs 1 for Little Stars.
Shots for this period are 7 for Inferno vs 5 for Little Stars.
2nd period
0:01 of 2nd period - Marcus Kruger wins face-off versus Vladimir Sobotka in neutral zone.
0:18 of 2nd period - David Ullstrom is hit by Marcus Kruger and loses puck.
0:57 of 2nd period - Slapshot by Brendan Mikkelson.
0:57 of 2nd period - Shot Blocked by Jared Spurgeon.
0:59 of 2nd period - Snap shot by Jonathan Ferland.
0:59 of 2nd period - Stopped by Ben Scrivens with a rebound.
1:13 of 2nd period - Jared Spurgeon is hit by Pavel Vorobiev and loses puck.
1:18 of 2nd period - Snap shot by Pavel Vorobiev.
1:18 of 2nd period - Stopped by Ben Scrivens without a rebound.
1:19 of 2nd period - Marcus Kruger wins face-off versus Mikhail Grabovski in Little Stars zone.
1:29 of 2nd period - Snap shot by Justin Faulk.
1:29 of 2nd period - Shot Blocked by Sami Vatanen.
1:45 of 2nd period - Cal O'Reilly is hit by Andrej Nestrasil and loses puck.
2:33 of 2nd period - Wrist shot by Jonathan Ferland.
2:33 of 2nd period - Stopped by Ben Scrivens without a rebound.
2:34 of 2nd period - Vladimir Sobotka wins face-off versus Marcus Kruger in Little Stars zone.
2:59 of 2nd period - Marcus Johansson is hit by Stephane Veilleux and loses puck.
3:32 of 2nd period - Snap shot by Christian Folin.
3:32 of 2nd period - Goal by Christian Folin - Inferno : 1 - Little Stars : 1.
3:33 of 2nd period - Mikhail Grabovski wins face-off versus Marcus Kruger in neutral zone.
3:46 of 2nd period - Slapshot by Justin Faulk.
3:46 of 2nd period - Shot Misses the Net.
3:59 of 2nd period - Minor Penalty to Vladimir Zharkov for Elbowing.
4:00 of 2nd period - Marcus Kruger wins face-off versus Vladimir Sobotka in Inferno zone.
4:01 of 2nd period - Snap shot by Sean Avery.
4:01 of 2nd period - Stopped by Josh Harding with a rebound.
4:03 of 2nd period - Slapshot by Ryan Vesce.
4:03 of 2nd period - Little Stars goal is going for a video replay.
4:03 of 2nd period - The goal is refused. The referee deems the play has been stopped, even if he had not physically had the opportunity to stop play by blowing his whistle..
4:04 of 2nd period - Marcus Kruger wins face-off versus Vladimir Sobotka in Inferno zone.
4:05 of 2nd period - Slapshot by Sean Avery.
4:05 of 2nd period - Shot Blocked by Brendan Mikkelson.
4:07 of 2nd period - Slapshot by Sean Avery.
4:07 of 2nd period - Stopped by Josh Harding without a rebound.
4:08 of 2nd period - Vladimir Sobotka wins face-off versus Ryan Vesce in Inferno zone.
4:17 of 2nd period - Snap shot by Vladimir Sobotka.
4:17 of 2nd period - Stopped by Ben Scrivens without a rebound.
4:18 of 2nd period - Vladimir Sobotka wins face-off versus Marcus Kruger in Little Stars zone.
4:30 of 2nd period - Snap shot by Ryan Vesce.
4:30 of 2nd period - Shot Blocked by Brendan Mikkelson.
4:32 of 2nd period - Backhand shot by Sean Avery.
4:32 of 2nd period - Shot Misses the Net.
4:34 of 2nd period - Snap shot by Ryan Vesce.
4:34 of 2nd period - Deflect By Sean Avery.
4:34 of 2nd period - Goal by Sean Avery - Inferno : 1 - Little Stars : 2.
4:35 of 2nd period - Marcus Kruger wins face-off versus Mikhail Grabovski in neutral zone.
4:42 of 2nd period - Slapshot by Brendan Mikkelson.
4:42 of 2nd period - Shot Blocked by Justin Faulk.
4:50 of 2nd period - Wrist shot by Marcus Kruger.
4:50 of 2nd period - Shot Blocked by Mikhail Grabovski.
5:06 of 2nd period - Wrist shot by Vladimir Zharkov.
5:06 of 2nd period - Shot Misses the Net.
5:08 of 2nd period - Snap shot by Vladimir Sobotka.
5:08 of 2nd period - Stopped by Ben Scrivens with a rebound.
5:10 of 2nd period - Backhand shot by Colby Robak.
5:10 of 2nd period - Deflect By David Ullstrom.
5:10 of 2nd period - Shot Blocked by Marcus Johansson.
5:10 of 2nd period - Puck is out of play.
5:11 of 2nd period - Mikhail Grabovski wins face-off versus Marcus Kruger in Little Stars zone.
5:12 of 2nd period - Snap shot by Stephane Veilleux.
5:12 of 2nd period - Stopped by Ben Scrivens with a rebound.
5:16 of 2nd period - Wrist shot by Stephane Veilleux.
5:16 of 2nd period - Goal by Stephane Veilleux - Inferno : 2 - Little Stars : 2.
5:17 of 2nd period - Vladimir Sobotka wins face-off versus Marcus Kruger in neutral zone.
5:28 of 2nd period - Yannick Weber is hit by Sean Avery and loses puck.
5:33 of 2nd period - Slapshot by Sean Avery.
5:33 of 2nd period - Shot Blocked by Vladimir Sobotka.
6:17 of 2nd period - Snap shot by Cal O'Reilly.
6:17 of 2nd period - Deflect By Pavel Vorobiev.
6:17 of 2nd period - Deflect By Zack Kassian.
6:17 of 2nd period - Shot Blocked by Jared Spurgeon.
6:17 of 2nd period - Puck is out of play.
6:18 of 2nd period - Vladimir Sobotka wins face-off versus Marcus Kruger in Little Stars zone.
7:08 of 2nd period - Snap shot by Beau Bennett.
7:08 of 2nd period - Stopped by Ben Scrivens with a rebound.
7:22 of 2nd period - Wrist shot by Hugh Jessiman.
7:22 of 2nd period - Shot Misses the Net.
7:24 of 2nd period - Snap shot by Conor Allen.
7:24 of 2nd period - Shot Blocked by Anders Lee.
7:26 of 2nd period - Wrist shot by Hugh Jessiman.
7:26 of 2nd period - Shot Blocked by David Savard.
7:28 of 2nd period - Slapshot by Conor Allen.
7:28 of 2nd period - Stopped by Josh Harding without a rebound.
7:29 of 2nd period - Mikhail Grabovski wins face-off versus Marcus Kruger in Inferno zone.
7:54 of 2nd period - Yannick Weber is hit by Justin Faulk and loses puck.
8:03 of 2nd period - Vladimir Zharkov is hit by Dana Tyrell and loses puck.
8:12 of 2nd period - Minor Penalty to David Ullstrom for Boarding.
8:13 of 2nd period - Vladimir Sobotka wins face-off versus Marcus Kruger in Inferno zone.
10:12 of 2nd period - Penalty to David Ullstrom is over, David Ullstrom is back on ice.
11:40 of 2nd period - Marcus Kruger is hit by Mikhail Grabovski and loses puck.
11:55 of 2nd period - David Ullstrom is hit by Andrej Nestrasil and loses puck.
12:09 of 2nd period - Off-side.
12:10 of 2nd period - Zack Kassian wins face-off versus Cal O'Reilly in neutral zone.
12:55 of 2nd period - David Ullstrom is hit by Jared Spurgeon and loses puck.
13:11 of 2nd period - Off-side.
13:12 of 2nd period - Anders Lee wins face-off versus Alexander Vasyunov in neutral zone.
13:21 of 2nd period - Snap shot by Beau Bennett.
13:21 of 2nd period - Shot Blocked by Danny DeKeiser.
13:23 of 2nd period - Slapshot by Sami Vatanen.
13:23 of 2nd period - Shot Blocked by Alexander Vasyunov.
13:25 of 2nd period - Slapshot by Colby Robak.
13:25 of 2nd period - Deflect By Justin Faulk.
13:25 of 2nd period - Goal by Colby Robak - Inferno : 3 - Little Stars : 2.
13:26 of 2nd period - Marcus Kruger wins face-off versus Mikhail Grabovski in neutral zone.
13:35 of 2nd period - Snap shot by Stephane Veilleux.
13:35 of 2nd period - Shot Blocked by Marcus Kruger.
14:13 of 2nd period - Minor Penalty to Cal O'Reilly for High sticking.
14:14 of 2nd period - Marcus Kruger wins face-off versus Vladimir Sobotka in Inferno zone.
14:17 of 2nd period - Snap shot by Sean Avery.
14:17 of 2nd period - Deflect By Ryan Vesce.
14:17 of 2nd period - Deflect By Yannick Weber.
14:17 of 2nd period - Stopped by Josh Harding with a rebound.
14:19 of 2nd period - Slapshot by Mathieu Roy.
14:19 of 2nd period - Deflect By Ryan Vesce.
14:19 of 2nd period - Shot Misses the Net.
14:19 of 2nd period - Puck is out of play.
14:20 of 2nd period - Vladimir Sobotka wins face-off versus Marcus Kruger in Inferno zone.
14:29 of 2nd period - Slapshot by Mathieu Roy.
14:29 of 2nd period - Shot Misses the Net.
14:31 of 2nd period - Snap shot by Sean Avery.
14:31 of 2nd period - Stopped by Josh Harding without a rebound.
14:32 of 2nd period - Jonathan Ferland wins face-off versus Marcus Kruger in Inferno zone.
14:47 of 2nd period - Icing by Petter Granberg.
14:48 of 2nd period - Marcus Kruger wins face-off versus Jonathan Ferland in Little Stars zone.
14:53 of 2nd period - Snap shot by Marcus Kruger.
14:53 of 2nd period - Shot Misses the Net.
14:55 of 2nd period - Slapshot by Mathieu Roy.
14:55 of 2nd period - Shot Blocked by Brendan Mikkelson.
15:01 of 2nd period - Snap shot by Marcus Kruger.
15:01 of 2nd period - Stopped by Josh Harding without a rebound.
15:02 of 2nd period - Andrej Nestrasil wins face-off versus Vladimir Sobotka in Inferno zone.
15:34 of 2nd period - Slapshot by Marcus Kruger.
15:34 of 2nd period - Shot Misses the Net.
16:13 of 2nd period - Penalty to Cal O'Reilly is over, Cal O'Reilly is back on ice.
16:25 of 2nd period - Sami Vatanen is hit by Jamie McGinn and loses puck.
16:49 of 2nd period - Minor Penalty to Colby Robak for Tripping.
16:50 of 2nd period - Marcus Kruger wins face-off versus Vladimir Sobotka in Inferno zone.
16:56 of 2nd period - Snap shot by Sean Avery.
16:56 of 2nd period - Stopped by Josh Harding with a rebound.
16:58 of 2nd period - Slapshot by Justin Faulk.
16:58 of 2nd period - Stopped by Josh Harding with a rebound.
17:00 of 2nd period - Backhand shot by Jared Spurgeon.
17:00 of 2nd period - Shot Misses the Net.
17:02 of 2nd period - Slapshot by Justin Faulk.
17:02 of 2nd period - Stopped by Josh Harding without a rebound.
17:03 of 2nd period - Marcus Kruger wins face-off versus Vladimir Sobotka in Inferno zone.
18:49 of 2nd period - Penalty to Colby Robak is over, Colby Robak is back on ice.
18:56 of 2nd period - Off-side.
18:57 of 2nd period - Dana Tyrell wins face-off versus Cal O'Reilly in neutral zone.
19:32 of 2nd period - Wrist shot by Erik Haula.
19:32 of 2nd period - Deflect By Dennis Everberg.
19:32 of 2nd period - Stopped by Josh Harding without a rebound.
19:33 of 2nd period - Mikhail Grabovski wins face-off versus Marcus Kruger in Inferno zone.
19:59 of 2nd period - Petter Granberg is hit by Colby Robak and loses puck.
Goals for this period are 3 for Inferno vs 1 for Little Stars.
Shots for this period are 10 for Inferno vs 12 for Little Stars.
3rd period
0:01 of 3rd period - Marcus Kruger wins face-off versus Mikhail Grabovski in neutral zone.
0:12 of 3rd period - Snap shot by Ryan Vesce.
0:12 of 3rd period - Stopped by Josh Harding with a rebound.
0:16 of 3rd period - Slapshot by Marcus Kruger.
0:16 of 3rd period - Stopped by Josh Harding with a rebound.
0:44 of 3rd period - Off-side.
0:45 of 3rd period - Dana Tyrell wins face-off versus Cal O'Reilly in neutral zone.
1:13 of 3rd period - Slapshot by Justin Faulk.
1:13 of 3rd period - Shot Misses the Net.
1:25 of 3rd period - Wrist shot by Pavel Vorobiev.
1:25 of 3rd period - Shot Misses the Net.
1:27 of 3rd period - Wrist shot by Sami Vatanen.
1:27 of 3rd period - Shot Misses the Net.
1:33 of 3rd period - Snap shot by Pavel Vorobiev.
1:33 of 3rd period - Stopped by Ben Scrivens without a rebound.
1:34 of 3rd period - Marcus Kruger wins face-off versus Mikhail Grabovski in Little Stars zone.
1:43 of 3rd period - Wrist shot by Jonathan Ferland.
1:43 of 3rd period - Stopped by Ben Scrivens with a rebound.
2:27 of 3rd period - Slapshot by Yannick Weber.
2:27 of 3rd period - Shot Blocked by Danny DeKeiser.
2:29 of 3rd period - Slapshot by Yannick Weber.
2:29 of 3rd period - Stopped by Ben Scrivens without a rebound.
2:30 of 3rd period - Marcus Kruger wins face-off versus Mikhail Grabovski in Little Stars zone.
2:39 of 3rd period - Slapshot by Ryan Vesce.
2:39 of 3rd period - Shot Misses the Net.
2:48 of 3rd period - Minor Penalty to Ryan Vesce for Interference.
2:49 of 3rd period - Sean Avery wins face-off versus Mikhail Grabovski in Little Stars zone.
4:03 of 3rd period - Icing by Stephane Veilleux.
4:04 of 3rd period - Mikhail Grabovski wins face-off versus Sean Avery in Inferno zone.
4:48 of 3rd period - Penalty to Ryan Vesce is over, Ryan Vesce is back on ice.
5:43 of 3rd period - Marcus Kruger is hit by Jonathan Ferland and loses puck.
7:01 of 3rd period - Brendan Mikkelson is hit by Mathieu Roy and loses puck.
7:28 of 3rd period - Wrist shot by Christian Folin.
7:28 of 3rd period - Shot Misses the Net.
7:51 of 3rd period - Slapshot by Sean Avery.
7:51 of 3rd period - Shot Misses the Net.
7:53 of 3rd period - Snap shot by Sean Avery.
7:53 of 3rd period - Stopped by Josh Harding with a rebound.
7:55 of 3rd period - Snap shot by Ryan Vesce.
7:55 of 3rd period - Deflect By Sean Avery.
7:55 of 3rd period - Shot Blocked by Colby Robak.
7:55 of 3rd period - Puck is out of play.
7:56 of 3rd period - Marcus Kruger wins face-off versus Mikhail Grabovski in Inferno zone.
8:03 of 3rd period - Slapshot by Sean Avery.
8:03 of 3rd period - Stopped by Josh Harding without a rebound.
8:04 of 3rd period - Marcus Kruger wins face-off versus Mikhail Grabovski in Inferno zone.
8:35 of 3rd period - Wrist shot by Zack Kassian.
8:35 of 3rd period - Deflect By Jamie McGinn.
8:35 of 3rd period - Stopped by Josh Harding with a rebound.
8:37 of 3rd period - Slapshot by Petter Granberg.
8:37 of 3rd period - Stopped by Josh Harding with a rebound.
8:41 of 3rd period - Snap shot by Zack Kassian.
8:41 of 3rd period - Stopped by Josh Harding without a rebound.
8:42 of 3rd period - Marcus Kruger wins face-off versus Vladimir Sobotka in Inferno zone.
8:51 of 3rd period - Sean Avery is hit by Vladimir Sobotka and loses puck.
9:09 of 3rd period - Wrist shot by Zack Kassian.
9:09 of 3rd period - Stopped by Josh Harding with a rebound.
9:11 of 3rd period - Backhand shot by Dana Tyrell.
9:11 of 3rd period - Stopped by Josh Harding with a rebound.
9:13 of 3rd period - Snap shot by Dana Tyrell.
9:13 of 3rd period - Deflect By Zack Kassian.
9:13 of 3rd period - Shot Misses the Net.
9:13 of 3rd period - Puck is out of play.
9:14 of 3rd period - Dana Tyrell wins face-off versus Mikhail Grabovski in Inferno zone.
9:15 of 3rd period - Slapshot by Zack Kassian.
9:15 of 3rd period - Shot Misses the Net.
9:25 of 3rd period - Wrist shot by Dana Tyrell.
9:25 of 3rd period - Stopped by Josh Harding with a rebound.
9:46 of 3rd period - Snap shot by Beau Bennett.
9:46 of 3rd period - Shot Misses the Net.
10:30 of 3rd period - Wrist shot by Cal O'Reilly.
10:30 of 3rd period - Stopped by Ben Scrivens without a rebound.
10:31 of 3rd period - Hugh Jessiman wins face-off versus Cal O'Reilly in Little Stars zone.
10:38 of 3rd period - Snap shot by Hugh Jessiman.
10:38 of 3rd period - Stopped by Josh Harding with a rebound.
10:56 of 3rd period - Snap shot by Marcus Kruger.
10:56 of 3rd period - Shot Misses the Net.
11:04 of 3rd period - Justin Faulk is hit by Stephane Veilleux and loses puck.
11:21 of 3rd period - Dennis Everberg is hit by Brendan Mikkelson.
11:45 of 3rd period - Anders Lee is hit by Andrej Nestrasil and loses puck.
12:07 of 3rd period - Snap shot by Cal O'Reilly.
12:07 of 3rd period - Stopped by Ben Scrivens with a rebound.
12:09 of 3rd period - Slapshot by Brendan Mikkelson.
12:09 of 3rd period - Deflect By Jared Spurgeon.
12:09 of 3rd period - Stopped by Ben Scrivens with a rebound.
12:43 of 3rd period - Snap shot by Vladimir Sobotka.
12:43 of 3rd period - Shot Misses the Net.
12:45 of 3rd period - Wrist shot by David Ullstrom.
12:45 of 3rd period - Shot Blocked by Petter Granberg.
12:47 of 3rd period - Backhand shot by Sami Vatanen.
12:47 of 3rd period - Stopped by Ben Scrivens without a rebound.
12:48 of 3rd period - Mikhail Grabovski wins face-off versus Marcus Kruger in Little Stars zone.
12:55 of 3rd period - Slapshot by Stephane Veilleux.
12:55 of 3rd period - Stopped by Ben Scrivens without a rebound.
12:56 of 3rd period - Mikhail Grabovski wins face-off versus Marcus Kruger in Little Stars zone.
12:57 of 3rd period - Snap shot by Jonathan Ferland.
12:57 of 3rd period - Shot Misses the Net.
12:59 of 3rd period - Slapshot by Jonathan Ferland.
12:59 of 3rd period - Stopped by Ben Scrivens with a rebound.
13:03 of 3rd period - Snap shot by Mikhail Grabovski.
13:03 of 3rd period - Shot Misses the Net.
13:05 of 3rd period - Slapshot by David Savard.
13:05 of 3rd period - Stopped by Ben Scrivens with a rebound.
13:07 of 3rd period - Slapshot by David Savard.
13:07 of 3rd period - Shot Blocked by Mathieu Roy.
13:09 of 3rd period - Snap shot by Jonathan Ferland.
13:09 of 3rd period - Stopped by Ben Scrivens without a rebound.
13:10 of 3rd period - Mikhail Grabovski wins face-off versus Marcus Kruger in Little Stars zone.
13:25 of 3rd period - Snap shot by Marcus Kruger.
13:25 of 3rd period - Stopped by Josh Harding without a rebound.
13:26 of 3rd period - Andrej Nestrasil wins face-off versus Vladimir Sobotka in Inferno zone.
13:37 of 3rd period - Snap shot by Marcus Johansson.
13:37 of 3rd period - Stopped by Josh Harding with a rebound.
14:00 of 3rd period - Snap shot by Mathieu Roy.
14:00 of 3rd period - Shot Blocked by Sami Vatanen.
14:02 of 3rd period - Snap shot by Ryan Vesce.
14:02 of 3rd period - Shot Misses the Net.
14:19 of 3rd period - Wrist shot by Cal O'Reilly.
14:19 of 3rd period - Goal by Cal O'Reilly - Inferno : 4 - Little Stars : 2.
14:20 of 3rd period - Ryan Vesce wins face-off versus Stephane Veilleux in neutral zone.
14:31 of 3rd period - Backhand shot by Sean Avery.
14:31 of 3rd period - Stopped by Josh Harding with a rebound.
14:33 of 3rd period - Snap shot by Marcus Kruger.
14:33 of 3rd period - Shot Misses the Net.
14:45 of 3rd period - Vladimir Sobotka is hit by Hugh Jessiman and loses puck.
14:52 of 3rd period - Marcus Johansson is hit by Vladimir Zharkov and loses puck.
15:13 of 3rd period - Slapshot by Jared Spurgeon.
15:13 of 3rd period - Shot Blocked by Colby Robak.
15:51 of 3rd period - Colby Robak is hit by Danny DeKeiser and loses puck.
16:00 of 3rd period - Minor Penalty to Dennis Everberg for Holding.
16:01 of 3rd period - Sean Avery wins face-off versus Mikhail Grabovski in Little Stars zone.
16:12 of 3rd period - Snap shot by Brendan Mikkelson.
16:12 of 3rd period - Shot Blocked by Mathieu Roy.
16:14 of 3rd period - Wrist shot by Yannick Weber.
16:14 of 3rd period - Stopped by Ben Scrivens with a rebound.
16:16 of 3rd period - Slapshot by Yannick Weber.
16:16 of 3rd period - Shot Misses the Net.
17:05 of 3rd period - Snap shot by Marcus Kruger.
17:05 of 3rd period - Stopped by Josh Harding without a rebound.
17:06 of 3rd period - Mikhail Grabovski wins face-off versus Marcus Kruger in Inferno zone.
17:06 of 3rd period - Mikhail Grabovski is hit by Marcus Kruger.
17:18 of 3rd period - Vladimir Sobotka is hit by Sean Avery and loses puck.
18:00 of 3rd period - Penalty to Dennis Everberg is over, Dennis Everberg is back on ice.
19:41 of 3rd period - Icing by Mathieu Roy.
19:42 of 3rd period - Erik Haula wins face-off versus Jonathan Ferland in Little Stars zone.
19:47 of 3rd period - Snap shot by Hugh Jessiman.
19:47 of 3rd period - Shot Blocked by Jonathan Ferland.
Goals for this period are 1 for Inferno vs 0 for Little Stars.
Shots for this period are 13 for Inferno vs 15 for Little Stars.
Output by the SimonT Hockey Simulator (STHS) for François Prévost -- Original Page W3C XHTML 1.0 Valid